Map: Daybreak LE (Void)

Players

Artorias

  • Race: Terran Terran
  • League: Gold
  • Spawn Location: 7:00

Fropez - Winner!

  • Race: Protoss Protoss
  • League: Gold
  • Spawn Location: 1:00

VOD

Have the link to the VOD?

Description

Time

  • Played on: Jan. 14, 2017, 11:40 a.m.
  • Length: 9:08
Show
View Real Time Build Order
Export as new Build Order

Artorias Terran 

Build Orders:  

Get SALT Encoding   

  12  0:00  SCV  
  13  0:12  SCV  
  14  0:18  Supply Depot  
  14  0:26  SCV  
  15  0:40  SCV, Refinery  
  16  0:53  SCV  
  16  0:54  Barracks  
  17  1:05  Refinery  
  17  1:06  SCV  
  18  1:18  SCV  
  19  1:28  Supply Depot  
  19  1:42  Factory  
  19  1:47  Orbital Command  
  19  1:56  Marine  
  20  2:12  Supply Depot  
  20  2:14  Marine, SCV  
  22  2:25  Factory Reactor  
  22  2:31  Marine, Starport  
  22  2:35  SCV  
  24  2:58  SCV  
  24  3:02  Cyclone x2  
  31  3:11  Medivac  
  33  3:16  SCV  
  34  3:20  Supply Depot  
  34  3:35  Cyclone  
  37  3:42  Marine, Cyclone  
  37  3:46  Supply Depot  
  41  4:00  Marine  
  40  4:29  Cyclone x2  
  46  4:43  Liberator  
  42  5:05  Cyclone  
  48  5:27  Hellion  
  50  5:38  Hellion  
  52  5:48  Armory  
  52  5:49  Hellion  
  54  5:59  Hellion  
  44  6:10  Hellion  
  46  6:20  Hellion  
  46  6:22  Liberator  
  48  6:32  Hellion  
  53  6:48  Supply Depot  
  53  6:53  Supply Depot  
  53  7:10  Cyclone x2  
  53  7:14  Supply Depot  
  59  7:17  Supply Depot  
  59  7:22  Medivac  
  57  7:33  Marine  
  44  7:51  Marine  
  27  8:18  Hellion x2  
  22  8:40  Hellion x2  
Show
View Real Time Build Order
Export as new Build Order

Fropez Protoss - Winner!

Build Orders: 1 Gate Expand 

Get SALT Encoding   

  12  0:08  Probe (Chrono Boost)  
  13  0:18  Pylon  
  13  0:19  Probe (Chrono Boost)  
  14  0:30  Probe (Chrono Boost)  
  15  0:40  Probe (Chrono Boost)  
  15  0:42  Gateway  
  16  0:48  Assimilator  
  16  0:51  Probe (Chrono Boost)  
  17  1:03  Probe (Chrono Boost)  
  18  1:13  Probe (Chrono Boost)  
  20  1:25  Probe (Chrono Boost)  
  20  1:29  Nexus  
  20  1:36  Probe (Chrono Boost)  
  21  1:45  Cybernetics Core  
  21  1:51  Pylon  
  21  1:59  Assimilator  
  21  2:12  Gateway  
  21  2:14  Probe (Chrono Boost)  
  22  2:16  Warp Gate  
  22  2:25  Adept, Mothership Core (Chrono Boost)  
  26  2:39  Pylon  
  27  2:45  Probe (Chrono Boost)  
  27  2:46  Probe (Chrono Boost)  
  28  2:57  Probe (Chrono Boost)  
  29  3:00  Robotics Facility  
  29  3:01  Probe (Chrono Boost)  
  30  3:07  Adept  
  33  3:13  Probe (Chrono Boost)  
  33  3:16  Adept  
  35  3:24  Pylon  
  35  3:30  Probe (Chrono Boost)  
  35  3:32  Probe (Chrono Boost)  
  39  3:34  Adept  
  39  3:44  Adept  
  41  3:51  Probe (Chrono Boost)  
  41  3:52  Pylon  
  40  4:05  Adept  
  40  4:11  Adept  
  39  4:23  Immortal  
  43  4:33  Probe (Chrono Boost)  
  43  4:34  Probe (Chrono Boost)  
  45  4:42  Stalker  
  45  4:44  Probe (Chrono Boost)  
  42  4:56  Stalker  
  42  4:57  Immortal  
  49  5:07  Probe (Chrono Boost)  
  49  5:08  Probe (Chrono Boost)  
  49  5:09  Pylon  
  50  5:18  Probe (Chrono Boost)  
  51  5:27  Pylon  
  52  5:30  Probe (Chrono Boost)  
  52  5:31  Warp Prism  
  52  5:35  Assimilator  
  52  5:36  Stalker x2  
  58  5:52  Probe (Chrono Boost)  
  58  5:53  Probe (Chrono Boost)  
  52  6:06  Stalker x2  
  52  6:11  Immortal  
  52  6:17  Probe (Chrono Boost)  
  52  6:18  Probe (Chrono Boost)  
  57  6:28  Probe (Chrono Boost)  
  57  6:30  Probe (Chrono Boost)  
  59  6:36  Gateway  
  59  6:38  Pylon, Probe (Chrono Boost)  
  60  6:40  Adept x2  
  60  6:42  Probe (Chrono Boost)  
  60  6:46  Gateway  
  60  7:00  Probe (Chrono Boost)  
  62  7:02  Probe (Chrono Boost)  
  62  7:07  Adept  
  62  7:08  Adept  
  66  7:20  Probe (Chrono Boost)  
  66  7:22  Probe (Chrono Boost)  
  68  7:28  Adept  
  68  7:29  Adept  
  66  7:55  Stalker x2  
  62  8:10  Pylon  
  59  8:17  Mothership Core (Chrono Boost)  
  56  8:30  Zealot  
  61  8:51  Probe (Chrono Boost)  
  62  8:57  Probe (Chrono Boost)  
Tags
 
League
GoldGold
Matchup
PvT
Replay Pack
All Mines
Spawn Locations
Cross Positions
Add a new tag
Caveats
  • Supply blocks, unpowered buildings, or Contaminate may cause inaccurate times.
  • Supply counts are checked every 10 seconds.